Map: 16-Bit LE

Players

MaNa - Winner!

  • Race: Protoss Protoss
  • Spawn Location: 7:00

Rex

  • Race: Zerg Zerg
  • Spawn Location: 1:00

Event: WCS Austin 2018

VOD

Have the link to the VOD?

Description

Time

  • Played on: June 1, 2018, 8:26 p.m.
  • Length: 12:10

All games in this series

Show
View Real Time Build Order
Export as new Build Order

MaNa Protoss - Winner!

Build Orders: 1 Gate Expand, Oracle Opening, Phoenix Opening, Chargelot Immortal, Mass Phoenix 

Get SALT Encoding   

  12  0:00  Probe  
  13  0:12  Probe  
  14  0:18  Pylon  
  14  0:24  Probe  
  15  0:32  Probe  
  15  0:38  Assimilator  
  15  0:40  Probe  
  17  0:50  Gateway, Probe  
  18  0:58  Probe  
  19  1:06  Probe  
  20  1:27  Nexus  
  20  1:39  Cybernetics Core  
  20  1:41  Probe  
  21  1:47  Assimilator  
  21  1:53  Probe  
  22  1:59  Pylon  
  22  2:05  Probe  
  23  2:13  Probe  
  23  2:17  Adept  
  23  2:21  Stargate  
  26  2:23  Probe  
  27  2:30  Warp Gate  
  27  2:33  Probe  
  27  2:36  Probe  
  28  2:44  Stalker  
  28  2:47  Probe x2  
  31  2:55  Oracle  
  32  2:59  Probe x2  
  37  3:11  Probe x2  
  39  3:14  Pylon  
  39  3:23  Probe x2  
  41  3:34  Phoenix  
  41  3:35  Probe x2  
  45  3:41  Assimilator  
  45  3:42  Assimilator  
  45  3:47  Stargate  
  45  3:49  Probe x2  
  45  3:54  Gateway  
  47  3:57  Pylon  
  47  4:01  Probe  
  47  4:02  Probe  
  49  4:06  Phoenix  
  51  4:11  Probe  
  51  4:13  Probe  
  52  4:19  Probe  
  52  4:21  Probe  
  54  4:25  Pylon  
  54  4:28  Probe  
  54  4:31  Phoenix, Probe  
  57  4:33  Phoenix  
  61  4:41  Pylon  
  61  4:42  Probe  
  61  4:43  Probe  
  61  4:44  Zealot  
  65  4:51  Phoenix  
  65  4:56  Phoenix  
  69  5:00  Pylon  
  69  5:12  Nexus  
  69  5:14  Phoenix  
  71  5:24  Phoenix  
  73  5:32  Phoenix  
  73  5:34  Robotics Facility  
  73  5:39  Probe  
  73  5:40  Probe  
  77  5:49  Phoenix  
  79  5:50  Pylon  
  79  5:51  Probe  
  79  5:52  Probe  
  81  5:58  Forge  
  81  6:00  Twilight Council  
  81  6:01  Phoenix  
  83  6:05  Probe  
  84  6:13  Probe  
  84  6:17  Probe  
  86  6:25  Immortal  
  90  6:26  Zealot x2  
  90  6:32  Phoenix x2  
  98  6:33  Probe x2  
  100  6:42  Probe  
  100  6:45  Probe x2  
  100  6:46  Forge  
  103  6:51  Photon Cannon  
  103  6:55  Charge, Protoss Ground Weapons Level 1  
  103  6:57  Probe  
  104  7:05  Probe x2  
  104  7:08  Zealot x2  
  107  7:09  Protoss Ground Armor Level 1, Probe  
  107  7:18  Probe x2  
  109  7:25  Assimilator  
  109  7:27  Gateway  
  109  7:28  Assimilator  
  109  7:35  Templar Archives  
  109  7:39  Probe x2  
  109  7:51  Pylon  
  109  7:53  Pylon  
  109  7:54  Pylon  
  109  7:56  Pylon  
  109  8:09  Probe x2  
  109  8:10  Sentry  
  109  8:11  Probe  
  118  8:14  Pylon  
  118  8:17  Psionic Storm  
  118  8:18  Observer  
  118  8:19  Gateway  
  118  8:20  High Templar  
  118  8:21  Gateway, Probe  
  118  8:24  Gateway, Photon Cannon  
  118  8:25  Shield Battery  
  118  8:26  Gateway  
  118  8:28  Robotics Facility  
  118  8:29  Gateway  
  118  8:34  High Templar, Probe x2  
  120  8:35  Probe  
  120  8:38  Immortal  
  120  8:39  High Templar  
  129  8:43  Pylon  
  129  8:44  Protoss Ground Armor Level 2, Protoss Ground Weapons Level 2  
  129  8:45  Pylon  
  129  8:46  Probe  
  129  8:47  Pylon, Probe x2  
  132  8:58  High Templar  
  134  9:15  Immortal, Nexus  
  136  9:17  Immortal  
  136  9:20  Photon Cannon  
  140  9:34  Zealot x7  
  154  9:44  Pylon  
  154  9:47  Pylon  
  154  9:54  Immortal  
  154  9:56  High Templar  
  154  9:57  Observer, High Templar x2  
  154  9:58  High Templar  
  165  10:01  Archon  
  165  10:02  Archon  
  165  10:18  Observer  
  165  10:19  Photon Cannon x2  
  164  10:25  Pylon, Photon Cannon  
  164  10:26  Pylon  
  164  10:28  High Templar x2  
  168  10:29  Assimilator  
  168  10:36  Archon  
  168  10:38  Assimilator, Immortal  
  168  10:41  Photon Cannon  
  170  10:43  Shield Battery  
  170  10:44  Photon Cannon  
  170  10:46  Zealot x5, Shield Battery  
  146  11:21  Zealot x4, High Templar x3  
  146  11:22  Immortal x2  
  162  11:46  Archon x2  
  158  11:52  Zealot x4  
  158  11:53  Zealot x3  
  171  11:54  Probe  
Show
View Real Time Build Order
Export as new Build Order

Rex Zerg 

Build Orders: Hatch First, Lurkers, Roach Hydra 

Get SALT Encoding   

  12  0:00  Drone  
  13  0:13  Overlord  
  13  0:19  Drone  
  14  0:31  Drone x2  
  16  0:51  Hatchery  
  16  0:54  Drone  
  16  0:56  Drone  
  17  1:01  Drone  
  18  1:13  Extractor  
  18  1:18  Spawning Pool  
  16  1:21  Drone  
  16  1:24  Drone  
  18  1:29  Drone  
  19  1:41  Overlord  
  19  1:51  Drone  
  20  2:05  Queen x2  
  20  2:06  Zergling x4  
  26  2:15  Drone  
  27  2:16  Metabolic Boost  
  27  2:18  Drone  
  28  2:23  Drone  
  28  2:28  Drone  
  30  2:44  Hatchery  
  29  2:46  Drone  
  29  2:47  Drone  
  29  2:49  Drone  
  33  2:51  Drone  
  33  2:56  Overlord  
  33  3:06  Drone x2  
  33  3:08  Drone  
  36  3:14  Queen  
  36  3:16  Drone x3  
  41  3:23  Overlord  
  41  3:26  Overlord  
  41  3:27  Drone  
  41  3:36  Overlord  
  41  3:43  Spore Crawler  
  41  3:44  Drone  
  41  3:45  Drone x4  
  45  3:49  Drone x2  
  45  3:54  Overlord  
  47  3:58  Spore Crawler  
  47  4:00  Queen  
  48  4:03  Drone  
  48  4:09  Drone x2  
  52  4:10  Drone x2  
  52  4:12  Lair  
  52  4:25  Drone x3  
  52  4:27  Spore Crawler  
  52  4:28  Drone x3, Roach Warren, Extractor  
  55  4:32  Evolution Chamber  
  55  4:34  Drone x2  
  56  4:38  Drone x2  
  56  4:39  Drone  
  56  4:41  Drone  
  56  4:45  Drone  
  61  4:47  Overlord  
  61  4:51  Drone  
  62  4:55  Extractor  
  62  4:59  Drone x2  
  63  5:00  Zerg Missile Weapons Level 1, Extractor  
  63  5:02  Overlord, Extractor  
  63  5:03  Drone x2  
  63  5:04  Drone x3  
  66  5:10  Queen  
  66  5:11  Roach x2  
  66  5:14  Roach  
  74  5:20  Roach x3  
  80  5:29  Overlord  
  80  5:30  Drone x2  
  80  5:33  Roach x2  
  80  5:34  Roach x2  
  90  5:40  Overlord  
  90  5:44  Overlord  
  90  5:45  Overlord  
  90  5:46  Overseer  
  90  5:50  Roach  
  90  5:51  Roach x3  
  90  5:55  Spore Crawler  
  90  5:56  Spore Crawler  
  96  5:57  Spore Crawler  
  96  6:02  Glial Reconstitution  
  95  6:07  Queen x3  
  97  6:11  Drone x4  
  97  6:16  Drone  
  99  6:22  Drone x2, Hydralisk Den  
  98  6:26  Drone x5  
  98  6:29  Drone x2  
  98  6:31  Drone  
  102  6:33  Drone x2  
  102  6:34  Drone  
  102  6:39  Overlord  
  105  6:43  Drone  
  104  6:47  Hatchery, Overlord x2  
  99  6:55  Grooved Spines, Extractor  
  99  6:59  Spore Crawler  
  95  7:03  Overlord  
  95  7:04  Drone  
  86  7:12  Hydralisk x7  
  92  7:20  Zerg Missile Weapons Level 2  
  92  7:22  Hydralisk x3  
  96  7:27  Hydralisk x2  
  102  7:32  Hydralisk x2  
  103  7:39  Hydralisk x3  
  105  7:45  Overlord x2  
  105  7:48  Overlord  
  105  7:50  Lurker Den  
  98  7:59  Hydralisk  
  98  8:00  Hydralisk x3  
  98  8:05  Drone x5  
  106  8:06  Muscular Augments  
  109  8:21  Hydralisk x7  
  109  8:24  Drone  
  124  8:28  Drone x2  
  126  8:37  Drone x6  
  126  8:38  Drone x2  
  133  8:42  Overlord  
  133  8:45  Roach x4  
  141  8:51  Roach  
  141  8:53  Overlord x2  
  143  8:56  Overlord  
  143  9:02  Roach x4  
  151  9:08  Drone  
  149  9:10  Overlord x2, Spine Crawler  
  149  9:11  Spore Crawler x2  
  149  9:12  Extractor  
  149  9:15  Pneumatized Carapace  
  143  9:21  Drone x2  
  143  9:22  Drone  
  146  9:29  Drone x3  
  146  9:30  Hydralisk x5  
  159  9:36  Overlord  
  159  9:37  Infestation Pit  
  158  9:40  Overlord  
  158  9:41  Overlord  
  158  9:44  Overlord  
  158  9:47  Overlord  
  158  9:48  Zerg Ground Armor Level 1  
  158  9:50  Drone  
  158  9:51  Drone  
  160  9:59  Overseer  
  160  10:12  Roach x9  
  178  10:15  Overlord  
  178  10:28  Hatchery  
  177  10:43  Lurker x3  
  177  10:44  Lurker  
  177  10:45  Lurker  
  177  10:46  Lurker x3  
  177  10:47  Drone x2  
  177  10:49  Extractor  
  186  10:51  Drone x3  
  186  10:53  Roach x5  
  173  11:11  Hydralisk  
  173  11:12  Hydralisk x14  
  173  11:17  Hydralisk  
  173  11:18  Hydralisk x2  
  171  11:19  Zergling x4  
  171  11:22  Hydralisk x2  
  151  11:33  Roach x6  
  151  11:34  Roach  
  151  11:40  Roach x4  
  133  11:48  Zergling x2  
Tags
 
Add a new tag
Caveats
  • Supply blocks, unpowered buildings, or Contaminate may cause inaccurate times.
  • Supply counts are checked every 10 seconds.